 Dungeon Sprint DCSS version 0.28.0-43-g3370ac3207 (webtiles) character file.

Game seed: 15230107584277451406

2816 boopmooplesden the Fighter (level 9, -10/94 HPs)
             Began as a Minotaur Fighter on Mar 1, 2022.
             Was a Believer of Okawaru.
             Mangled by a tentacle (12 damage)
             ... attached to a kraken
             ... in the Dungeon (Sprint II: "The Violet Keep of Menkaure").
             The game lasted 00:03:57 (1422 turns).

boopmooplesden the Fighter (Minotaur Fighter)       Turns: 1422, Time: 00:03:57

Health: -10/94     AC: 20    Str: 23    XL:     9   Next: 44%
Magic:  7/7        EV: 10    Int:  3    God:    Okawaru [**....]
Gold:   291        SH:  8    Dex: 18    Spells: 8/8 levels left

rFire   + . .      SeeInvis .   m - +10 morningstar of the Scorching Vulture {flame, rF+ rN+}
rCold   . . .      Faith    .   c - +0 buckler
rNeg    + . .      Spirit   .   d - +4 chain mail {Will+}
rPois   .          Reflect  .   l - +0 hat
rElec   .          Harm     .   (no cloak)
rCorr   .          Rampage  .   v - +0 pair of gloves
Will    +....      Clarity  +   (no boots)
Stlth   .......... NoTele   +   (no amulet)
HPRegen 0.25/turn               o - +6 ring of dexterity
MPRegen 0.10/turn               r - +4 ring of protection

@: unable to read, very slow
A: horns 2, retaliatory headbutt, iridescent scales 1, clarity, deformed body,
dopey 1, low MP 1, inability to read while threatened
a: Renounce Religion, Heroism


You were in the Dungeon.
You worshipped Okawaru.
Okawaru was pleased with you.
You visited 1 branch You collected 952 gold pieces.
You spent 661 gold pieces at shops.

Inventory:

Hand Weapons
 a - a +0 long sword
 k - a +2 great sword of holy wrath
 m - the +10 morningstar of the Scorching Vulture (weapon) {flame, rF+ rN+}
   (You bought it in a shop in the Dungeon)

   It burns those it strikes, dealing additional fire damage.
   rF:        It protects you from fire.
   rN:        It protects you from negative energy.
Armour
 b - a +0 scale mail
 c - a +0 buckler (worn)
 d - a +4 chain mail of willpower (worn)
 l - a +0 hat (worn)
 v - a +0 pair of gloves (worn)
Jewellery
 o - a +6 ring of dexterity (left hand)
 r - a +4 ring of protection (right hand)
Scrolls
 j - 2 scrolls of blinking
 s - a scroll of identify {unknown}
 t - a scroll of enchant armour {unknown}
 u - a scroll of silence {unknown}
 w - a scroll of vulnerability {unknown}
 x - a scroll of magic mapping {unknown}
 y - a scroll of enchant weapon {unknown}
Potions
 e - 7 potions of curing
 f - 3 potions of heal wounds
 g - a potion of haste
 h - 5 potions of magic
 i - 4 potions of attraction {unknown}
 n - 3 potions of resistance {unknown}
 p - 4 potions of flight {unknown}
 q - 3 potions of brilliance {unknown}


   Skills:
 + Level 13.8 Fighting
 + Level 11.3 Long Blades
 + Level 4.9 Maces & Flails
 + Level 13.5 Armour
 + Level 4.2 Dodging
 + Level 1.8 Stealth
 + Level 13.3 Shields


You had 8 spell levels left.
You didn't know any spells.
Your spell library contained the following spells:

 Spells                   Type           Power      Damage    Failure   Level
 Conjure Flame            Conj/Fire      0%         6-21      100%        3
 Ignite Poison            Fire/Tmut/Pois 0%         N/A       100%        3
 Sticky Flame             Conj/Fire      0%         2d3       100%        4


Dungeon Overview and Level Annotations

Branches:
Dungeon (1/1)

Altars:
Cheibriados
Dithmenos
Elyvilon
Fedhas
Gozag
Hepliaklqana
Kikubaaqudgha
Makhleb
Nemelex Xobeh
Okawaru
Qazlal
Ru
Sif Muna
Trog
Uskayaw
Vehumet
Wu Jian
Xom
Yredelemnul
Zin
The Shining One
Beogh
Jiyva
Lugonu

Shops:
D (::[([==[!=(!?!

Annotations:
D exclusion: oklob plant, Roxanne


Innate Abilities, Weirdness & Mutations

You have a pair of horns on your head.
You reflexively headbutt those who attack you in melee.
You are partially covered in iridescent scales. (AC +2)
You possess an exceptional clarity of mind.
Armour fits poorly on your strangely shaped body.
You are dopey. (Int -2)
Your magical capacity is low. (-10% MP)
You sometimes lose the ability to read scrolls when taking damage.


Message History

The tentacle slaps you!
Your unstable footing causes you to fumble your attack.
The tentacle misses you.
The tentacle slaps you but does no damage.
Your unstable footing causes you to fumble your attack.
You feel like a meek peon again. The tentacle barely misses you.
The tentacle slaps you but does no damage.
You bludgeon the tentacle!! You burn the tentacle! You headbutt the tentacle.
The tentacle is almost dead.
The tentacle slaps you!!
You feel threatened and lose the ability to read scrolls!
The tentacle slaps you.
Your unstable footing causes you to fumble your attack.
The tentacle slaps you! The tentacle slaps you.
You bludgeon the tentacle!! You burn the tentacle.
You kill the tentacle!
The tentacle barely misses you. You furiously retaliate!
You headbutt the tentacle. You bludgeon the tentacle!! You burn the tentacle.
You headbutt the tentacle, but do no damage.
The tentacle is heavily wounded.
You block the tentacle's attack.
A tentacle rises from the water!
You block the tentacle's attack. The tentacle slaps you.
You bludgeon the tentacle!! You burn the tentacle!
You kill the tentacle!
A tentacle rises from the water!
The tentacle slaps you.
Your unstable footing causes you to fumble your attack.
The tentacle slaps you!!
* * * LOW HITPOINT WARNING * * *
The tentacle slaps you!
* * * LOW HITPOINT WARNING * * *
Your unstable footing causes you to fumble your attack.
The tentacle slaps you!
* * * LOW HITPOINT WARNING * * *
The kraken squirts a massive cloud of ink into the water!
You block the tentacle's attack.
Your unstable footing causes you to fumble your attack.
You block the tentacle's attack. The tentacle slaps you!
You die...

#=:▓.[..[..)▓▓ #
+.####"=▓(.)...).▓▓ #
...####▓).[.....▓▓ ##
#..##.#▓..(.[.[.▓▓ .#
+..#..#▓(...))(.▓▓ .#
#..#†.#▓).((..((▓▓
.####..##.#▓[......)▓▓
...###.^.##▓▓▓▓▓▓▓Λ▓▓▓▓+▓
.....≈≈≈≈≈≈≈≈≈§§@w.──Xw≈▓
.....≈#)########'###.ww≈▓
≈≈≈§§≈#..._._._#§§≈##≈≈≈▓
≈≈≈≈.≈#_._._._.#§§§§####▓
§§≈≈≈≈#._._._._#≈≈≈≈§##
§§≈≈≈≈#_._._._.#§≈≈≈§≈#
≈≈≈≈≈≈#._._._..#≈§≈≈≈§+
≈###§≈#_._._...#≈§≈≈§≈#
#≈§#._._....#≈§§§§§▓


You could see a kraken and 2 tentacles.

Vanquished Creatures
  A yaktaur (D)
  3 polar bears (D)
  A hornet (D)
  2 wyverns (D)
  4 neqoxecs (D)
  Menkaure (D)
  5 water moccasins (D)
  4 necrophages (D)
  A scorpion (D)
  4 tentacles (D)
26 creatures vanquished.

Vanquished Creatures (others)
  24 tentacles (D)
24 creatures vanquished.

Grand Total: 50 creatures vanquished

Notes
Turn   | Place    | Note
-------+----------+-------------------------------------------
     0 | D        | boopmooplesden the Minotaur Fighter began the quest for the
                  | Orb.
     0 | D        | Reached XP level 1. HP: 19/19 MP: 0/0
     1 | D        | Noticed a boulder beetle
     1 | D        | Noticed a boulder beetle
     4 | D        | Noticed a necrophage
     4 | D        | Noticed a necrophage
     4 | D        | Noticed a necrophage
     4 | D        | Noticed a necrophage
     8 | D        | Killed a necrophage
     9 | D        | Reached XP level 2. HP: 15/31 MP: 1/1
     9 | D        | Reached XP level 3. HP: 19/38 MP: 2/2
     9 | D        | Reached XP level 4. HP: 22/45 MP: 3/3
    11 | D        | Killed a necrophage
    12 | D        | Reached XP level 5. HP: 27/53 MP: 4/4
    14 | D        | Killed a necrophage
    15 | D        | Reached skill level 5 in Long Blades
    15 | D        | Killed a necrophage
    16 | D        | Reached XP level 6. HP: 34/64 MP: 5/5
    17 | D        | Noticed Menkaure
    20 | D        | Killed Menkaure
    21 | D        | Reached skill level 10 in Fighting
    21 | D        | Reached skill level 10 in Armour
    21 | D        | Reached skill level 10 in Shields
    21 | D        | Noticed a water moccasin
   246 | D        | Noticed a neqoxec
   246 | D        | Noticed a neqoxec
   252 | D        | Gained mutation: Your magical capacity is low. (-10% MP) [a
                  | neqoxec]
   253 | D        | Killed a neqoxec
   253 | D        | Gained mutation: Armour fits poorly on your strangely
                  | shaped body. [a neqoxec]
   254 | D        | Reached XP level 7. HP: 63/73 MP: 5/5
   259 | D        | Gained mutation: You possess an exceptional clarity of
                  | mind. [a neqoxec]
   261 | D        | Gained mutation: You sometimes lose the ability to read
                  | scrolls when taking damage. [a neqoxec]
   265 | D        | Gained mutation: You are weak. (Str -2) [a neqoxec]
   268 | D        | Killed a neqoxec
   268 | D        | Noticed a neqoxec
   272 | D        | Gained mutation: You are partially covered in iridescent
                  | scales. (AC +2) [a neqoxec]
   281 | D        | Killed a neqoxec
   282 | D        | Found Coris's Magic Scroll Boutique.
   282 | D        | Found Jov Olu's Antique Weapon Shop.
   282 | D        | Found Nawn's Distillery.
   282 | D        | Noticed a neqoxec
   285 | D        | Gained mutation: You are dopey. (Int -2) [a neqoxec]
   286 | D        | Lost mutation: You are weak. (Str -2) [a neqoxec]
   290 | D        | Killed a neqoxec
   292 | D        | Found Soivul's Distillery.
   292 | D        | Found Ottud's Jewellery Shop.
   292 | D        | Found Yruudghoe's Armour Boutique.
   292 | D        | Found Cuiramaj's Jewellery Shop.
   293 | D        | Found Hasar's Distillery.
   295 | D        | Found Ydissud's Jewellery Shop.
   296 | D        | Found Bulaurgh's Antique Armour Shop.
   296 | D        | Found Feemir's Antique Weapon Boutique.
   296 | D        | Noticed a yak
   296 | D        | Noticed a yak
   297 | D        | Found Riethuc's Antique Armour Boutique.
   297 | D        | Noticed a yak
   297 | D        | Noticed an oklob plant
   305 | D        | Reached skill level 1 in Dodging
   305 | D        | Reached XP level 8. HP: 31/83 MP: 6/6
   531 | D        | Found Hoqobb's Book Shop.
   531 | D        | Found Wulatsig's Antique Weapon Boutique.
   531 | D        | Found Ikhe's Book Shoppe.
   539 | D        | Bought a shiny chain mail for 135 gold pieces
   552 | D        | Bought a runed great sword for 285 gold pieces
   627 | D        | Bought a hat for 88 gold pieces
   633 | D        | Bought a crystal morningstar for 153 gold pieces
   633 | D        | Identified the +10 morningstar of the Scorching Vulture
                  | {flame, rF+ rN+} (You bought it in a shop in the Dungeon)
   760 | D        | Found a glowing golden altar of the Shining One.
   760 | D        | Found an ornate altar of the Wu Jian Council.
   830 | D        | Found a shimmering altar of Xom.
   830 | D        | Found a sacrificial altar of Ru.
   831 | D        | Found a basalt altar of Yredelemnul.
   831 | D        | Found a shimmering blue altar of Sif Muna.
   832 | D        | Found a glowing silver altar of Zin.
   832 | D        | Found a bloodstained altar of Trog.
   832 | D        | Found an ancient bone altar of Kikubaaqudgha.
   832 | D        | Found a stormy altar of Qazlal.
   832 | D        | Found a viscous altar of Jiyva.
   833 | D        | Found a hide-covered altar of Uskayaw.
   833 | D        | Found a corrupted altar of Lugonu.
   833 | D        | Found a shadowy altar of Dithmenos.
   834 | D        | Found a radiant altar of Vehumet.
   834 | D        | Found a burning altar of Makhleb.
   834 | D        | Found a white marble altar of Elyvilon.
   835 | D        | Found a sparkling altar of Nemelex Xobeh.
   835 | D        | Found a blossoming altar of Fedhas.
   837 | D        | Found an iron altar of Okawaru.
   837 | D        | Found an opulent altar of Gozag.
   837 | D        | Found a hazy altar of Hepliaklqana.
   837 | D        | Found a snail-covered altar of Cheibriados.
   837 | D        | Noticed a hornet
   837 | D        | Noticed a polar bear
   837 | D        | Noticed a polar bear
   838 | D        | Noticed a yaktaur
   847 | D        | Became a worshipper of Warmaster Okawaru
   860 | D        | Killed a hornet
   861 | D        | Reached skill level 1 in Maces & Flails
   862 | D        | Killed a polar bear
   862 | D        | Reached * piety under Okawaru
   863 | D        | Reached skill level 10 in Long Blades
   863 | D        | Reached skill level 1 in Stealth
   865 | D        | Killed a yaktaur
   866 | D        | Reached XP level 9. HP: 61/93 MP: 7/7
   869 | D        | Killed a polar bear
   889 | D        | Noticed a polar bear
   893 | D        | Killed a polar bear
   893 | D        | Reached ** piety under Okawaru
  1010 | D        | Noticed a kraken
  1044 | D        | Identified Roxanne's Papyrus of Stones
  1044 | D        | Noticed Roxanne
  1421 | D        | HP: 2/94 [tentacle[a kraken] (7)]
  1422 | D        | Mangled by a tentacle

Illustrated notes

Levels and vault maps discovered:
D:        the_violet_keep_of_menkaure [sprint2_stairs_cluster_1,
          sprint2_shoproom, sprint2_temple, sprint2_basic_supplies,
          sprint2_obstacle_7, sprint2_obstacle_6, sprint2_obstacle_5,
          sprint2_obstacle_4, sprint2_obstacle_2, sprint2_timed_cluster_1,
          sprint2_smallroom_cluster_1, sprint2_smallroom_final_cluster_1,
          sprint2_transparent_cluster_1, sprint2_second_timed_cluster_1,
          sprint2_sniper_area_1, sprint2_heavy_combat_area_1,
          sprint2_mutation_trap_area_1, sprint2_forest_area_1,
          sprint2_light_combat_area_1, sprint2_behind_water_1,
          sprint2_near_end_vault_1]

Skill      XL: |  1  2  3  4  5  6  7  8  9 |
---------------+----------------------------+-----
Fighting       | 6 7 9 10 11 13 | 13.8
Long Blades    | 3 4 5 6 8 10 11 | 11.3
Armour         | 6 8 9 10 12 13 | 13.5
Shields        | 6 7 9 10 11 12 13 | 13.3
Dodging        | 1 3 4 |  4.2
Maces & Flails | 2 4 |  4.9
Stealth        | 1 |  1.8

Action                   |  1- 3 |  4- 6 |  7- 9 || total
-------------------------+-------+-------+-------++-------
Melee: Long sword        |     3 |    15 |    38 ||    56
       Headbutt          |     1 |     5 |    23 ||    29
       Morningstar       |       |       |    45 ||    45
       Great sword       |       |       |     9 ||     9
Invok: Heroism           |       |       |     1 ||     1
  Use: Potion            |     1 |       |     1 ||     2
Armor: Scale mail        |       |     4 |     7 ||    11
       Chain mail        |       |       |    46 ||    46
Dodge: Dodged            |     1 |     2 |    35 ||    38
Block: Buckler           |       |     4 |    44 ||    48
